AoeStats
← juanda_mantilla

African Clearing

510438066Analyzed
4v4 RM · 2d ago on Oct 1, 2026· 32m 0s· 8 players
Game mode
Random Map
Map size
Large (8 player)
Population
200
Speed
Normal
Resources
Standard
Victory
Conquest
Starting age
Dark Age
Ending age
Imperial Age
RankedLock teamsTeams togetherTeam positionsShared explorationLock speedFull tech treeHidden civsTurbo modeCheats
Victory
Defeat
🇨🇱 Huns · Chile
960
+8
🇨🇴 Franks · Colombia
926
+33
🇺🇸 Malians · United States
886
+11
🇨🇦 Spanish · Canada
860
+12
🇺🇸 Spanish · United States
794
-11
🇺🇸 Franks · United States
793
-11
🇺🇸 Chinese · United States
768
-10
🇺🇸 Portuguese · United States
747
-9
wwwSHAKERnet
6:15 Loom
19:10 Feudal Age
21:35 Wheelbarrow
21:57 Wheelbarrow
26:08 Castle Age
24:33 Double-Bit Axe
26:17 Forging
28:02 Scale Barding Armor
30:00 Iron Casting
Stavinco
5:32 Loom
17:12 Feudal Age
17:42 Double-Bit Axe
17:27 Man-at-Arms
20:02 Arson
20:27 Scale Mail Armor
ggLUNCHIE_YT
6:43 Loom
SquareSnow79684
3:37 Loom
17:11 Feudal Age
21:53 Castle Age
travishjones96
3:54 Loom
13:06 Feudal Age
17:31 Castle Age
16:31 Forging
16:52 Arson
18:17 Squires
20:03 Iron Casting
26:09 Wheelbarrow
28:14 Double-Bit Axe
28:55 Town Watch
29:56 Hand Cart
30:03 Gold Mining
MarbleFire01180
6:58 Loom
17:29 Feudal Age
19:00 Wheelbarrow
18:11 Town Watch
18:17 Double-Bit Axe
19:16 Horse Collar
19:19 Man-at-Arms
19:45 Arson
21:58 Stone Mining
22:03 Gold Mining
29:42 Castle Age
30:08 Arson
30:48 Heavy Plow
31:47 Bow Saw
32:00 Squires
juanda_mantilla
6:24 Loom
18:09 Feudal Age
26:59 Man-at-Arms
30:43 Double-Bit Axe
Konrad
5:57 Loom
14:47 Feudal Age
15:45 Double-Bit Axe
17:15 Wheelbarrow
16:42 Gold Mining
19:57 Castle Age
19:45 Forging
19:41 Scale Barding Armor
20:45 Husbandry
21:04 Hand Cart
21:40 Bloodlines
22:30 Chain Barding Armor
23:59 Horse Collar
24:57 Gold Shaft Mining
24:40 Bow Saw
26:41 Iron Casting
30:20 Heavy Plow
Connection lost

Rejoining the realm…

Still unreachable

The connection could not be restored.

Session expired

The server has moved on; the page needs a fresh start.